 Dungeon Crawl Stone Soup version 0.31-a0-358-gac0dbeb3ab (webtiles) character file.

Game seed: 14313130704986931793

2376 vineage the Fighter (level 9, -1/63 HPs)
             Began as a Gargoyle Fighter on July 25, 2023.
             Was a Follower of Okawaru.
             Slain by an orc
             ... wielding a +1 flail of holy wrath
              (4 damage)
             ... on level 6 of the Dungeon.
             The game lasted 00:06:41 (6176 turns).

vineage the Fighter (Gargoyle Fighter)              Turns: 6176, Time: 00:06:42

Health: -1/63      AC: 15    Str: 25    XL:     9   Next: 45%
Magic:  7/10       EV: 12    Int:  8    God:    Okawaru [*.....]
Gold:   303        SH:  8    Dex: 15    Spells: 8/8 levels left

rFire   . . .        q - +2 flail (heavy)
rCold   . . .        c - +1 buckler
rNeg    + . .        b - +0 scale mail
rPois   ∞            (no helmet)
rElec   +            (no cloak)
rCorr   +            (no gloves)
SInv    .            (no boots)
Will    .....        (no amulet)
Stlth   ++           f - +6 ring of dexterity
HPRegen 0.30/turn    m - ring of resist corrosion
MPRegen 0.12/turn

%: no passive effects
@: heroic
A: sickness immunity, AC +6, negative energy resistance 1, electricity
resistance, torment resistance 1, petrification resistance
a: Renounce Religion, Heroism


You were on level 6 of the Dungeon.
You worshipped Okawaru.
Okawaru was aware of your devotion.
You visited 2 branches of the dungeon, and saw 7 of its levels.

You collected 303 gold pieces.

Inventory:

Hand Weapons
 a - a +0 flail
 h - a +2 flail of protection
 q - a +2 heavy flail (weapon)
Missiles
 u - 2 throwing nets
Armour
 b - a +0 scale mail (worn)
 c - a +1 buckler (worn)
Jewellery
 f - a +6 ring of dexterity (left hand)
 k - an amulet of guardian spirit
 m - a ring of resist corrosion (right hand)
Scrolls
 o - 3 scrolls of revelation
Potions
 d - a potion of might
 e - 2 potions of enlightenment
 g - a potion of haste {unknown}
 i - a potion of curing
 j - a potion of resistance {unknown}
 l - 2 potions of mutation {unknown}
 n - 2 potions of brilliance {unknown}
 r - a potion of heal wounds {unknown}
 s - a potion of degeneration {unknown}


   Skills:
 + Level 10.7(15.7) Fighting
 * Level 6.0(11.0) Maces & Flails
 + Level 5.4(10.4) Armour
 + Level 5.4(10.4) Shields
 * Level 1.3 Invocations


You had 8 spell levels left.
You didn't know any spells.
Your spell library contained the following spells:

 Spells                   Type           Power      Damage    Failure   Level
 Hailstorm                Conj/Ice       0%         3d3       96%         3
 Portal Projectile        Hex/Tloc       0%         N/A       96%         3
 Iskenderun's Mystic Bla  Conj/Tloc      0%         2d3       100%        4
 Tukima's Dance           Hex            Unusable   N/A       N/A         3
 Summon Ice Beast         Ice/Summ       Unusable   N/A       N/A         4
 Simulacrum               Ice/Necr       Unusable   N/A       N/A         6

Dungeon Overview and Level Annotations

Branches:
Dungeon (6/15)             Temple (1/1) D:5

Altars:
Cheibriados
Dithmenos
Elyvilon
Gozag
Hepliaklqana
Nemelex Xobeh
Okawaru
Qazlal
Ru
Sif Muna
Uskayaw
Wu Jian
Xom
Zin
The Shining One


Innate Abilities, Weirdness & Mutations

You are immune to sickness and miasma.
Your stone body is resilient. (AC +6)
You are immune to poison.
You resist negative energy. (rN+)
You are resistant to electric shocks. (rElec)
You are resistant to unholy torment.
You are immune to petrification.


Message History

You are too confused!
You are too confused!
You are too confused!
You are too confused!
You are too confused!
You are too confused!
Unknown command.
The orc wizard points at you and mumbles some strange words.
The puff of flame misses you. The orc hits you with a +0 morningstar!
The orc hits you with a +0 dagger.
You bump into the rock wall.
The orc hits you with a +0 morningstar. The orc hits you but does no damage.
You bludgeon the orc wizard!!
You kill the orc wizard!
Okawaru accepts your kill.
The orc priest invokes the aid of Beogh against you.
Beogh smites you! The orc hits you but does no damage. x2
Your Maces & Flails skill increases to level 6!
You closely miss the orc. The orc barely misses you.
The orc closely misses you. x2; The orc hits you with a +0 morningstar.
* * * LOW HITPOINT WARNING * * *
The orc closely misses you. The orc hits you but does no damage.
You bump into the rock wall.
You feel less confused. The orc barely misses you.
The orc hits you with a +0 morningstar.
* * * LOW HITPOINT WARNING * * *
You block the orc's attack.
You feel better. You block the orc's attack. x2
The orc hits you with a +0 dagger.
* * * LOW HITPOINT WARNING * * *
You gain the combat prowess of a mighty hero.
The orc hits you with a +1 flail of holy wrath.
* * * LOW HITPOINT WARNING * * *
The orc barely misses you. The orc hits you but does no damage.
The orc priest invokes the aid of Beogh against you.
Beogh smites you!
* * * LOW HITPOINT WARNING * * *
The orc attacks as you move away!
The orc hits you with a +1 flail of holy wrath.
You die...

#.....#.
#...... .....
...
###.#######
#.o)o......
#.#o#######
#.#o....####.
#.#@.........
#...........#
###.........#
#.........#
#.........#
###.........#
#...........#.
#..<..........
#.....#.......


You could see an orc priest and 3 orcs.

Vanquished Creatures
  Grinder (D:4)
  Sigmund (D:3)
  3 yaks (D:5)
  Eustachio (D:5)
  Menkaure (D:5)
  Edmund (D:4)
  2 ice beasts
  A black bear (D:4)
  3 scorpions
  2 hounds
  A jelly (D:5)
  3 orc priests
  2 iguanas
  Natasha (thrice) (D:3)
  2 orc wizards
  19 gnolls
  8 adders
  2 worms (D:2)
  3 dart slugs
  14 orcs
  6 bats
  3 endoplasms
  3 giant cockroaches
  32 goblins
  24 hobgoblins
  2 jackals (D:3)
  11 kobolds
  2 quokkas
  11 ball pythons
  5 frilled lizards
  2 rats
174 creatures vanquished.

Notes
Turn   | Place    | Note
-------+----------+-------------------------------------------
     0 | D:1      | vineage the Gargoyle Fighter began the quest for the Orb.
     0 | D:1      | Reached XP level 1. HP: 14/14 MP: 1/1
   167 | D:1      | Reached skill level 4 in Fighting
   167 | D:1      | Reached XP level 2. HP: 17/20 MP: 2/2
   524 | D:1      | Reached XP level 3. HP: 22/24 MP: 3/3
   825 | D:2      | Found a faded altar of an unknown god.
   945 | D:1      | Reached skill level 5 in Fighting
  1209 | D:1      | Reached XP level 4. HP: 21/31 MP: 4/4
  1802 | D:3      | Reached skill level 6 in Fighting
  1830 | D:3      | Found a sparkling altar of Nemelex Xobeh.
  1858 | D:3      | Reached XP level 5. HP: 36/36 MP: 5/5
  2122 | D:3      | Found a glowing silver altar of Zin.
  2228 | D:3      | Noticed Natasha
  2246 | D:3      | Killed Natasha
  2515 | D:3      | Noticed Sigmund
  2527 | D:3      | Killed Sigmund
  2528 | D:3      | Reached skill level 7 in Fighting
  2528 | D:3      | Reached XP level 6. HP: 36/44 MP: 6/6
  2661 | D:3      | Noticed Natasha
  2666 | D:3      | Killed Natasha
  2667 | D:3      | Reached skill level 8 in Fighting
  2838 | D:3      | Noticed Natasha
  2847 | D:3      | Killed Natasha
  2858 | D:4      | Noticed Grinder
  2862 | D:4      | Paralysed by Grinder for 3 turns
  2993 | D:4      | Noticed a black bear
  3001 | D:4      | Killed a black bear
  3002 | D:4      | Reached XP level 7. HP: 39/50 MP: 7/7
  3014 | D:4      | Killed Grinder
  3015 | D:4      | Reached skill level 9 in Fighting
  3021 | D:4      | Found a white marble altar of Elyvilon.
  3524 | D:4      | Noticed Edmund
  3548 | D:4      | Killed Edmund
  3549 | D:4      | Reached XP level 8. HP: 15/57 MP: 8/8
  3797 | D:5      | Entered Level 5 of the Dungeon
  3810 | D:5      | Reached skill level 10 in Fighting
  3923 | D:5      | Found a staircase to the Ecumenical Temple.
  3962 | Temple   | Entered the Ecumenical Temple
  3971 | Temple   | Became a worshipper of Warmaster Okawaru
  4031 | D:5      | Noticed Eustachio
  4038 | D:5      | Killed Eustachio
  4103 | D:5      | Found an ornate altar of the Wu Jian Council.
  4237 | D:5      | Reached * piety under Okawaru
  4353 | D:5      | Noticed Menkaure
  4363 | D:5      | Killed Menkaure
  4650 | D:5      | Reached XP level 9. HP: 23/63 MP: 9/9
  4811 | D:5      | Reached skill level 5 in Maces & Flails
  4811 | D:5      | Reached skill level 5 in Armour
  4811 | D:5      | Reached skill level 5 in Shields
  5179 | D:5      | Found a shadowy altar of Dithmenos.
  6116 | D:6      | Reached skill level 1 in Invocations
  6175 | D:6      | HP: 3/63 [orc priest/divine providence (12)]
  6176 | D:6      | Slain by an orc

Illustrated notes

Levels and vault maps discovered:
D:1:      minmay_arrival_wavy_path, layout_rooms, serial_bayou_ford_a
D:2:      layout_loops_ring, ebering_ecumenical_altar_rust
D:3:      layout_basic, nemelex_altar_shiori, amcnicky_altar_gilded,
          uniq_natasha, uniq_sigmund
D:4:      layout_gridville, elyvilon_altar_5, uniq_grinder, uniq_edmund
D:5:      minmay_goblin_kobold_castle, layout_rooms,
          mainiacjoe_overflow_catwalk, nzn_wu_jian_contemplation,
          minmay_temple_entry_proselytizer, uniq_eustachio, uniq_menkaure
D:6:      layout_basic, grunt_temple_overflow_open, uniq_duvessa, uniq_pikel,
          uniq_blork_the_orc, uniq_maggie
Temple:   hellmonk_temple_flake

Skill      XL: |  1  2  3  4  5  6  7  8  9 |
---------------+----------------------------+-----
Fighting       | 4 5 6 7 8 9 10 | 10.7
Maces & Flails | 4 6 |  6.0
Armour         | 4 5 |  5.4
Shields        | 4 5 |  5.4
Invocations    | 1 |  1.3

Action                     |  1- 3 |  4- 6 |  7- 9 || total
---------------------------+-------+-------+-------++-------
  Melee: Flail             |    95 |   119 |   291 ||   505
 Invoke: Heroism           |       |       |     3 ||     3
    Use: Scroll            |     3 |     3 |     4 ||    10
         Potion            |     1 |     2 |     3 ||     6
 Armour: Scale mail        |    46 |    64 |   246 ||   356
  Dodge: Dodged            |    54 |    66 |   231 ||   351
  Block: Buckler           |    34 |    51 |   170 ||   255

Table legend: (Time is in decaauts)
 A = Elapsed time spent in this place.
 B = Non-inter-level travel time spent in this place.
 C = Inter-level travel time spent in this place.
 D = Time resting spent in this place.
 E = Time spent auto-exploring this place.
 F = Levels seen in this place.
 G = Mean time per level.
                   A        B        C        D        E       F      G
               +--------+--------+--------+--------+--------+-----+--------+
         Total |   6461 |   6187 |    274 |   1192 |   3620 |   7 |  923.0 |
       Dungeon |   6442 |   6185 |    257 |   1192 |   3620 |   6 | 1073.7 |
        Temple |     18 |      1 |     17 |      0 |      0 |   1 |   18.0 |
               +--------+--------+--------+--------+--------+-----+--------+

Top non-repeatable levels by time:
     D:5: 2452 daAuts
     D:3: 1340 daAuts
     D:1: 1013 daAuts
     D:4: 848 daAuts
     D:2: 699 daAuts
     D:6: 88 daAuts
  Temple: 18 daAuts
